 Dungeon Crawl Stone Soup version 0.17-a0-1951-g62301d3 (webtiles) character file.

2517 graki42 the Blocker (level 9, -2/70 HPs)
             Began as a Minotaur Fighter on Oct 2, 2015.
             Was a Believer of Okawaru.
             Slain by Joseph
             ... wielding a +2 quarterstaff of protection
              (17 damage)
             ... on level 8 of the Dungeon.
             The game lasted 00:20:58 (5993 turns).

graki42 the Blocker (Minotaur Fighter)              Turns: 5993, Time: 00:20:59

Health: -2/70      AC: 15    Str: 24    XL:     9   Next: 29%
Magic:  7/8        EV:  9    Int:  5    God:    Okawaru [**....]
Gold:   462        SH: 20    Dex: 10    Spells: 0 memorised, 8 levels left

rFire  . . .     SeeInvis .     a - +0 war axe
rCold  . . .     Clarity  .     u - +0 chain mail
rNeg   . . .     SustAt   .     w - +0 large shield
rPois  .         Gourm    .     (helmet restricted)
rElec  .         Spirit   .     (no cloak)
rCorr  .         Warding  .     (no gloves)
rMut   .         Stasis   .     (no boots)
MR     .....                    (no amulet)
Stlth  ..........               F - +3 ring of protection
                                g - ring of flight

@: heroism, not resistant to hostile enchantments, extremely unstealthy
A: retaliatory headbutt, horns 2, frail 1
a: Heroism, Renounce Religion, Evoke Flight


You were on level 8 of the Dungeon.
You worshipped Okawaru.
Okawaru was pleased with you.
You were not hungry.

You visited 2 branches of the dungeon, and saw 9 of its levels.
You also visited: Ossuary.

You collected 462 gold pieces.

Inventory:

Hand weapons
 a - a +0 war axe (weapon)
Armour
 u - a +0 chain mail (worn)
 w - a +0 large shield (worn)
Jewellery
 g - a ring of flight (left hand)
 p - an uncursed ring of ice
 r - an uncursed ring of teleportation
 F - a +3 ring of protection (right hand)
Magical devices
 J - a wand of fireball (8)
 M - a wand of lightning (8)
Scrolls
 c - a scroll of amnesia
 f - a scroll of blinking
 i - 6 scrolls of teleportation
 k - 4 scrolls of fear
 l - a scroll of enchant armour
 s - 2 scrolls of random uselessness {unknown}
 t - a scroll of fog {unknown}
 v - 4 scrolls of remove curse
 y - a scroll of noise {unknown}
 G - 2 scrolls of immolation {unknown}
 I - a scroll of identify
 L - a scroll of vulnerability {unknown}
Potions
 b - a potion of resistance
 d - a potion of might
 h - a potion of cure mutation {unknown}
 j - 3 potions of curing {unknown}
 m - 3 potions of agility {unknown}
 n - 3 potions of brilliance {unknown}
 x - 3 potions of degeneration {unknown}
 z - a potion of ambrosia {unknown}
 B - a potion of heal wounds
 C - a potion of haste
 D - 2 potions of flight
 E - a potion of poison {unknown}
Books
 A - a book of Envenomations

   Spells                             Type                      Level
   a - Spider Form                    Transmutation/Poison         3
   b - Alistair's Intoxication        Transmutation/Poison         4
   c - Olgreb's Toxic Radiance        Poison                       4
   d - Poisonous Cloud                Conjuration/Poison/Air       6
Comestibles
 e - 6 bread rations
 o - 6 fruits
 q - 2 meat rations
 H - a chunk of flesh
 K - a beef jerky


   Skills:
 + Level 6.8(11.8) Fighting
 + Level 7.7(12.7) Axes
 + Level 7.6(12.6) Armour
 + Level 2.9(7.9) Dodging
 + Level 1.2(6.2) Stealth
 + Level 9.6(14.6) Shields


You had 8 spell levels left.
You didn't know any spells.

Dungeon Overview and Level Annotations

Branches:
Dungeon (8/15)             Temple (1/1) D:6
   Lair: D:8-11

Altars:
Ashenzari
Cheibriados
Dithmenos
Elyvilon
Fedhas
Gozag
Kikubaaqudgha
Makhleb
Nemelex Xobeh
Okawaru
Qazlal
Ru
Sif Muna
Trog
Vehumet
Yredelemnul
Zin
The Shining One

Annotations:
D:8 Joseph, Maurice


Innate Abilities, Weirdness & Mutations

You reflexively headbutt those who attack you in melee.
You have a pair of horns on your head.
You are frail (-10% HP).


Message History

Joseph is moderately wounded.
Joseph hits you but does no damage.
Your shield and chain mail prevent you from hitting Joseph.
Joseph is moderately wounded.
You block Joseph's attack.
You hit Joseph but do no damage. Your headbutt misses Joseph.
Joseph is moderately wounded.
You block Joseph's attack.
Joseph hits you with a quarterstaff of protection!!
You closely miss Joseph. You headbutt Joseph, but do no damage.
Joseph is moderately wounded.
Joseph hits you with a quarterstaff of protection!!
* * * LOW HITPOINT WARNING * * *
You hit Joseph.
Joseph is moderately wounded.
Joseph barely misses you.
You barely miss Joseph.
Joseph is moderately wounded.
Joseph hits you with a quarterstaff of protection!
You die...

#.. #...... #..
##..... #.. .#....#
#.. .....# ###.. #....
##.).. .@. ###.[...
#@# ######.......
#@####.......##...
#......#####†##...
#...#####....##...
#.........####....
...................†.
#.###...#######.......
#...# #....... ##.##
##...... ### #######


You could see Joseph (berserk) and Maurice.

Vanquished Creatures
  The ghost of Appriser the Changer, an average DrTm (D:5)
  Menkaure (Ossuary)
  Edmund (D:6)
  Duvessa (D:4)
  A sky beast (D:6)
  An ice beast (D:5)
  A black bear (D:8)
  2 phantoms
  An ogre (D:6)
  4 centaurs
  5 giant frogs
  Dowan (D:4)
  5 wights (D:7)
  2 crimson imps
  5 hounds (D:7)
  A quasit (D:5)
  A jelly (D:6)
  A giant frog skeleton (D:8)
  An orc wizard (D:6)
  5 worker ants
  A worker ant zombie (D:6)
  A hound skeleton (D:6)
  2 mummies
  8 adders
  A shadow imp (D:5)
  An ooze (D:6)
  3 worms
  4 giant geckos
  3 orcs
  5 giant cockroaches
  4 hobgoblins
  4 kobolds
  6 quokkas
  2 bats (D:3)
  A giant cockroach zombie (D:5)
  7 giant newts
  A gnoll skeleton (Ossuary)
  4 goblins
  A goblin skeleton (Ossuary)
  5 goblin zombies
  4 hobgoblin skeletons (Ossuary)
  6 hobgoblin zombies
  6 jackals
  4 kobold skeletons (Ossuary)
  4 kobold zombies (Ossuary)
  An orc skeleton (Ossuary)
  2 orc zombies (Ossuary)
  A quokka skeleton (D:8)
  7 rats
  A rat zombie (Ossuary)
141 creatures vanquished.

Vanquished Creatures (others)
  2 mummies (Ossuary)
  An orc (D:4)
  2 gnoll zombies (Ossuary)
  2 gnoll skeletons (Ossuary)
  2 goblin skeletons (Ossuary)
  3 goblin zombies (Ossuary)
  3 hobgoblin skeletons (Ossuary)
  3 hobgoblin zombies (Ossuary)
  4 kobold skeletons (Ossuary)
  A kobold zombie (Ossuary)
  An orc skeleton (Ossuary)
  2 rat skeletons (Ossuary)
26 creatures vanquished.

Grand Total: 167 creatures vanquished

Notes
Turn   | Place    | Note
--------------------------------------------------------------
     0 | D:1      | graki42 the Minotaur Fighter began the quest for the Orb.
     0 | D:1      | Reached XP level 1. HP: 19/19 MP: 0/0
   215 | D:1      | Reached XP level 2. HP: 27/27 MP: 1/1
   353 | D:1      | Reached skill level 4 in Armour
   668 | D:2      | Reached XP level 3. HP: 24/33 MP: 2/2
   831 | D:2      | Reached skill level 1 in Dodging
  1020 | D:2      | Found a glowing silver altar of Zin.
  1549 | D:3      | Reached XP level 4. HP: 40/40 MP: 3/3
  2258 | D:4      | You fall through a shaft!
  2258 | D:5      | Entered Level 5 of the Dungeon
  2282 | D:5      | Found a burning altar of Makhleb.
  2332 | D:5      | Reached XP level 5. HP: 35/46 MP: 4/4
  2421 | D:5      | Reached skill level 5 in Shields
  2630 | D:4      | Found a shadowy altar of Dithmenos.
  2632 | D:4      | Noticed Duvessa
  2633 | D:4      | Noticed Dowan
  2650 | D:4      | Killed Duvessa
  2650 | D:4      | Reached skill level 5 in Armour
  2650 | D:4      | Reached skill level 1 in Stealth
  2650 | D:4      | Reached XP level 6. HP: 33/52 MP: 5/5
  2660 | D:4      | Killed Dowan
  3259 | D:5      | Noticed Appriser's ghost (average DrTm)
  3471 | D:5      | Killed Appriser's ghost
  3471 | D:5      | Reached skill level 6 in Shields
  3471 | D:5      | Reached XP level 7. HP: 57/60 MP: 6/6
  3509 | D:5      | Noticed a phantom
  3535 | D:5      | Killed a phantom
  3604 | D:5      | Noticed an ice beast
  3614 | D:5      | Killed an ice beast
  3695 | D:5      | Reached skill level 7 in Shields
  3997 | D:5      | Found a radiant altar of Vehumet.
  4164 | D:6      | Reached skill level 5 in Fighting
  4219 | D:6      | Noticed Edmund
  4234 | D:6      | Found a sand-covered staircase.
  4255 | D:6      | Killed Edmund
  4255 | D:6      | Reached skill level 5 in Axes
  4262 | Ossuary  | Entered an ossuary
  4510 | Ossuary  | Noticed Menkaure
  4517 | Ossuary  | Killed Menkaure
  4618 | D:6      | Reached XP level 8. HP: 59/69 MP: 7/7
  4636 | D:6      | Found a staircase to the Ecumenical Temple.
  4646 | Temple   | Entered the Ecumenical Temple
  4696 | Temple   | Became a worshipper of Warmaster Okawaru
  4905 | D:6      | Gained mutation: You are frail (-10% HP). [mutagenic meat]
  4957 | D:6      | Reached skill level 8 in Shields
  5367 | D:7      | Acquired Okawaru's first power
  5742 | D:7      | Found a snail-covered altar of Cheibriados.
  5749 | D:7      | Found an ancient bone altar of Kikubaaqudgha.
  5770 | D:7      | Reached skill level 9 in Shields
  5770 | D:7      | Reached XP level 9. HP: 62/70 MP: 8/8
  5984 | D:8      | Noticed Joseph
  5988 | D:8      | Noticed Maurice
  5993 | D:8      | Slain by Joseph

Vault maps used:
D:1:      dpeg_arrival_chambers_temple_mockup
D:2:      zin_academy
D:4:      nicolae_dithmenos_through_a_glass_darkly, lemuel_flame_loot_1,
          uniq_duvessa
D:5:      grunt_temple_overflow_lords_of_destruction, first_bread, st_stairs_6
D:6:      minmay_temple_entry_grid, nicolae_ossuary_entry_giza, uniq_edmund
D:7:      amethyst_overflow_temple_binary
D:8:      xom_teletrap_fun, fedhas_bush_and_centaur_altar, uniq_joseph,
          uniq_maurice
Temple:   temple_eino_lava_12
Ossuary:  ossuary_due_pyramid

Action                   |  1- 3 |  4- 6 |  7- 9 || total
-------------------------+-------+-------+-------++-------
Melee: War axe           |   116 |    96 |   286 ||   498
Invok: Heroism           |       |       |     1 ||     1
  Use: Potion            |       |     2 |       ||     2
       Scroll            |       |       |    12 ||    12
  Eat: Chunk             |     2 |     5 |    11 ||    18
